 Dungeon Crawl Stone Soup version 0.31-a0-1074-g0b22e4e0f1 (webtiles) character file.

Game seed: 12225773059394724159

207 croobank the Ruffian (level 5, -4/35 HPs)
             Began as an Octopode Shapeshifter on Dec 8, 2023.
             Slain by Duvessa
             ... wielding a +0 rapier
              (20 damage)
             ... on level 4 of the Dungeon.
             The game lasted 00:06:31 (2779 turns).

croobank the Ruffian (Octopode Shapeshifter)        Turns: 2779, Time: 00:06:31

Health: -4/35      AC:  1    Str: 13    XL:     5   Next: 85%
Magic:  6/7        EV: 13    Int: 15    God:
Gold:   135        SH:  0    Dex: 11    Spells: 4/6 levels left

rFire   . .          .
                       - Unarmed
rCold   . . .        (no shield)
rNeg    . . .        q - melded +2 hat
rPois   .            (no amulet)
rElec   .            (no ring)
rCorr   .            (no ring)
SInv    .            (no ring)
Will    .....        (no ring)
Stlth   +            (no ring)
HPRegen 0.25/turn    (no ring)
MPRegen 0.10/turn    (no ring)
                     (no ring)

%: no passive effects
@: lit by a corona, beast-form, wereblooded, glowing
A: beast (slay +2), almost no armour, amphibious, 8 rings, camouflage 1,
gelatinous body 1, (nimble swimmer 1), tentacles
a: Begin Untransformation


You were on level 4 of the Dungeon.
You were a hulking beast.
You visited 1 branch of the dungeon, and saw 4 of its levels.

You collected 165 gold pieces.
You spent 30 gold pieces at shops.

Inventory:

Hand Weapons
 o - a +0 dagger
Missiles
 p - 12 poisoned darts
Armour
 q - a +2 hat (melded)
Talismans
 b - a beast talisman (active)
 c - a flux talisman
Wands
 w - a wand of acid (2)
Scrolls
 d - 2 scrolls of noise
 e - 2 scrolls of teleportation {unknown}
 f - a scroll of fog {unknown}
 i - 2 scrolls of identify {unknown}
 k - a scroll of poison {unknown}
 l - a scroll of butterflies {unknown}
 n - a scroll of amnesia {unknown}
 s - a scroll of enchant armour {unknown}
 v - a scroll of enchant weapon {unknown}
 x - a scroll of revelation {unknown}
Potions
 a - a potion of lignification
 g - a potion of degeneration {unknown}
 h - a potion of resistance {unknown}
 j - 2 potions of curing
 m - a potion of cancellation {unknown}
 r - a potion of enlightenment {unknown}
 t - a potion of heal wounds {unknown}
 u - 2 potions of invisibility {unknown}


   Skills:
 + Level 2.5 Fighting
 + Level 3.0 Dodging
 + Level 3.8 Unarmed Combat
 + Level 1.4 Spellcasting
 + Level 1.4 Transmutations
 + Level 3.7 Shapeshifting


You had 4 spell levels left.
You knew the following spells:

 Your Spells              Type           Power      Damage    Failure   Level
a - Wereblood             Tmut           5%         N/A       21%         2

Your spell library contained the following spells:

 Spells                   Type           Power      Damage    Failure   Level
 Blink                    Tloc           2%         N/A       34%         2
 Cigotuvi's Dreadful Rot  Necr/Pois/Air  2%         N/A       34%         2
 Lesser Beckoning         Tloc           2%         N/A       34%         2
 Momentum Strike          Conj/Tloc      2%         3d8       34%         2
 Sublimation of Blood     Necr           1%         N/A       34%         2
 Ignite Poison            Fire/Tmut/Pois 2%         N/A       50%         3
 Freezing Cloud           Conj/Ice/Air   0%         6-21      100%        5
 Summon Hydra             Summ           0%         N/A       100%        7


Dungeon Overview and Level Annotations

Branches:
Dungeon (4/15)
 Temple: D:4-7

Altars:
Ru
Vehumet

Shops:
D:1 [*[

Annotations:
D:4 Duvessa, Grinder


Innate Abilities, Weirdness & Mutations

You are a hulking beast.
Your limbs bulge with bestial killing power. (Slay +2)
You cannot wear most types of armour.
You are amphibious.
You can wear up to eight rings at the same time.
Your skin changes colour to match your surroundings (Stealth+).
Your rubbery body absorbs attacks. (AC +1, EV +1)
((You are camouflaged when in or above water. (Stealth+)))
You have tentacles for arms and can constrict up to eight enemies at once.


Message History

You hear a shout! x5
You see here a +0 falchion.
You start waiting.
A hobgoblin comes into view.
Casting: Wereblood (safe; 21% risk of failure)
Confirm with . or Enter, or press ? or * to list all spells.
Your blood is infused with primal strength.
You see here a +0 falchion.
You barely miss the hobgoblin. You grab the hobgoblin.
You constrict the hobgoblin. The hobgoblin closely misses you.
You tentacle-slap the hobgoblin. You squeeze the hobgoblin.
The hobgoblin is almost dead.
You constrict the hobgoblin.
You kill the hobgoblin!
There is an escape hatch in the floor here.
Duvessa, Sister of Dowan comes into view.
She is wielding a +0 rapier.
Dowan shouts!
Dowan gestures at you while chanting. You resist with some effort.
Grinder comes into view.
She is carrying a wand of flame.
Dowan hits you but does no damage.
A ball python comes into view.
The ball python hisses angrily.
You tentacle-slap Dowan. You grab Dowan. You squeeze Dowan.
Dowan is moderately wounded.
You constrict Dowan. Dowan hits you with a +0 dagger.
Grinder zaps a wand.
The puff of flame hits you!
You bludgeon Dowan!
Dowan is severely wounded.
You constrict Dowan. Duvessa misses you.
Grinder says, "FISH!"
Grinder zaps a wand.
The puff of flame hits you! Dowan casts a spell at you.
You are outlined in light.
You tentacle-slap Dowan.
You feel a bit better.
You kill Dowan!
Duvessa screams, "No!
How DARE you!"
Duvessa goes berserk!
Duvessa hits you with a +0 rapier!!
Ouch! That really hurt!
You die...

###.# ##.#...#
..).####......#
...###....#...#####.#
...###.#.#.).>......#
..##...#...####.######
#..#.##..######......##.
##.......†...##.........
........####.........S..
...###.## ##...h.......
.###(..# ##.).e....<.
##...### #.......5..
...### #.......... ####
#.......... #
##......... # ##.....##.
# ####### #


You could see Grinder, Duvessa (berserk) and a ball python.

Vanquished Creatures
  Dowan (D:4)
  A hound (D:4)
  A sleepcap (D:4)
  Ijyb (D:4)
  2 adders (D:2)
  A worm (D:2)
  5 dart slugs
  5 orcs
  13 ball pythons
  11 bats
  3 endoplasms
  2 giant cockroaches
  6 goblins
  10 hobgoblins
  5 jackals (D:3)
  8 kobolds
  2 quokkas (D:1)
  4 frilled lizards
  5 rats
86 creatures vanquished.

Notes
Turn   | Place    | Note
-------+----------+-------------------------------------------
     0 | D:1      | croobank the Octopode Shapeshifter began the quest for the
                  | Orb.
     0 | D:1      | Reached XP level 1. HP: 13/13 MP: 1/1
    47 | D:1      | Reached XP level 2. HP: 7/18 MP: 2/2
   484 | D:1      | Found Waffonlu's Antique Armour Shoppe.
   487 | D:1      | Reached XP level 3. HP: 21/23 MP: 3/3
   557 | D:1      | Learned a level 2 spell: Wereblood
   561 | D:1      | Found Diahy's General Store.
   565 | D:1      | Bought a potion of curing for 30 gold pieces
   600 | D:1      | Found Wohut's Armour Boutique.
  1006 | D:2      | Identified the +2 ring mail of the Keeping Gods {Harm}
  1163 | D:2      | Reached XP level 4. HP: 15/29 MP: 1/4
  1732 | D:3      | Found a radiant altar of Vehumet.
  1808 | D:3      | Found a sacrificial altar of Ru.
  2075 | D:3      | Reached skill level 1 in Spellcasting
  2448 | D:4      | Reached skill level 1 in Transmutations
  2448 | D:4      | Reached XP level 5. HP: 34/34 MP: 1/6
  2464 | D:4      | Noticed Ijyb
  2472 | D:4      | Killed Ijyb
  2755 | D:4      | Noticed Dowan
  2774 | D:4      | Noticed Duvessa
  2775 | D:4      | Noticed Grinder
  2779 | D:4      | Killed Dowan
  2779 | D:4      | Slain by Duvessa

Illustrated notes

Levels and vault maps discovered:
D:1:      erik_arrival_cave_to_civilisation [erik_arrival_cave_to_hall],
          layout_rooms, serial_shops, nicolae_shop_statue_plus,
          nicolae_shop_tiny_waterfront, shop, chequers_jeans,
          minmay_misc_feat_four_crosses, chequers_big_river, minmay_misc_feat_x,
          hangedman_abyss_or_decor_stabs
D:2:      layout_rooms, ebering_dispersal_statue_hall
D:3:      layout_loops_ring, mainiacjoe_overflow_six_doors_small,
          vehumet_crystals
D:4:      layout_rooms, lemuel_coloured_pillars_altar, uniq_duvessa,
          uniq_menkaure, uniq_ijyb, uniq_grinder

Skill      XL: |  1  2  3  4  5 |
---------------+----------------+-----
Fighting       | 2 |  2.5
Spellcasting   | 1 |  1.4
Transmutations | 1 |  1.4
Dodging        | 3 |  3.0
Unarmed Combat | |  3.8
Shapeshifting  | |  3.7

Action                     |  1- 3 |  4- 6 || total
---------------------------+-------+-------++-------
  Melee: Unarmed           |    76 |    81 ||   157
         Constrict         |    17 |    27 ||    44
         Tentacles         |     5 |    25 ||    30
         Punch             |       |     1 ||     1
   Cast: Wereblood         |     4 |    15 ||    19
    Use: Scroll            |       |     1 ||     1
   Stab: Sleeping          |     9 |     3 ||    12
 Armour: Skin              |    31 |    27 ||    58
  Dodge: Dodged            |    55 |    44 ||    99
   Form: Beast             |       |     2 ||     2
                           |       |     1 ||     1

Table legend: (Time is in decaauts)
 A = Elapsed time spent in this place.
 B = Non-inter-level travel time spent in this place.
 C = Inter-level travel time spent in this place.
 D = Time resting spent in this place.
 E = Time spent auto-exploring this place.
 F = Levels seen in this place.
 G = Mean time per level.
                   A        B        C        D        E       F      G
               +--------+--------+--------+--------+--------+-----+--------+
         Total |   2768 |   2734 |     34 |    173 |   1963 |   4 |  692.0 |
       Dungeon |   2768 |   2734 |     34 |    173 |   1963 |   4 |  692.0 |
               +--------+--------+--------+--------+--------+-----+--------+

Top non-repeatable levels by time:
     D:1: 901 daAuts
     D:3: 755 daAuts
     D:2: 716 daAuts
     D:4: 395 daAuts
